 Dungeon Crawl Stone Soup version 0.19-a0-1064-geb5102e (webtiles) character file.

570 DarthRa the Sneak (level 7, -2/41 HPs)
             Began as a Halfling Enchanter on July 31, 2016.
             Was an Initiate of Dithmenos.
             Killed by divine providence
             ... invoked by an orc priest
              (10 damage)
             ... on level 6 of the Dungeon on Aug 3, 2016.
             The game lasted 00:32:17 (6689 turns).

DarthRa the Sneak (Halfling Enchanter)              Turns: 6689, Time: 00:32:17

Health: -2/41      AC:  6    Str:  8    XL:     7   Next: 60%
Magic:  9/9        EV: 15    Int: 14    God:    Dithmenos [......]
Gold:   168        SH:  0    Dex: 20    Spells: 3 memorised, 3 levels left

rFire  . . .     SeeInvis +     a - +1 dagger
rCold  . . .     Gourm    .     b - +2 robe
rNeg   . . .     Faith    .     (shield restricted)
rPois  .         Spirit   .     p - +0 helmet
rElec  .         Dismiss  .     (no cloak)
rCorr  .         Reflect  .     A - +0 pair of gloves
SustAt .         Harm     .     (no boots)
MR     .....                    (no amulet)
Stlth  ++++......               f - ring of see invisible
                                z - +3 ring of dexterity

@:
A: mutation resistance 1
a: Renounce Religion


You were on level 6 of the Dungeon.
You worshipped Dithmenos.
Dithmenos was noncommittal.
You were near starving.

You visited 2 branches of the dungeon, and saw 7 of its levels.

You collected 168 gold pieces.

Inventory:

Hand Weapons
 a - a +1 dagger (weapon)
 e - a +0 hunting sling
Missiles
 i - 200 stones (quivered)
 j - 2 curare-tipped needles
 l - 35 sling bullets
 o - 15 tomahawks
Armour
 b - a +2 robe (worn)
 p - a +0 helmet (worn)
 A - a +0 pair of gloves (worn)
Jewellery
 f - a ring of see invisible (right hand)
 w - an uncursed ring of ice
 z - a +3 ring of dexterity (left hand)
Scrolls
 k - 2 scrolls of fear
 n - a scroll of teleportation
 r - 3 scrolls of identify
 t - a scroll of fog {unknown}
 u - a scroll of amnesia {unknown}
 v - a scroll of remove curse {unknown}
 y - a scroll of enchant weapon {unknown}
Potions
 h - a potion of mutation
 m - a potion of brilliance {unknown}
 s - a potion of cancellation
 C - a potion of haste {unknown}
Books
 c - a book of Maledictions

   Spells                             Type                      Level
   a - Corona                         Hexes                        1
   b - Ensorcelled Hibernation        Hexes/Ice                    2
   c - Confuse                        Hexes                        3
   d - Tukima's Dance                 Hexes                        3
   e - Dazzling Spray                 Conjuration/Hexes            3
Comestibles
 d - 3 bread rations
 g - a beef jerky
 q - a meat ration


   Skills:
 - Level 5.3 Short Blades
 - Level 5.0 Throwing
 + Level 2.1 Dodging
 - Level 5.4 Stealth
 - Level 1.5 Spellcasting
 - Level 3.4 Hexes


You had 3 spell levels left.
You knew the following spells:

 Your Spells              Type           Power        Failure   Level  Hunger
a - Corona                Hex            ##.....      10%         1    ##.....
b - Ensorcelled Hibernat  Hex/Ice        #.....       21%         2    ###....
c - Tukima's Dance        Hex            ##......     21%         3    ####...


Dungeon Overview and Level Annotations

Branches:
Dungeon (6/15)             Temple (1/1) D:5

Altars:
Ashenzari
Cheibriados
Dithmenos
Elyvilon
Fedhas
Gozag
Hepliaklqana
Makhleb
Nemelex Xobeh
Okawaru
Qazlal
Ru
Sif Muna
Trog
Uskayaw
Vehumet
Xom
Zin
The Shining One

Annotations:
D:3 Shredu92's ghost, amateur HaAs
D:4 simpaon's ghost, amateur OpAs
D:5 Dowan; Duvessa


Innate Abilities, Weirdness & Mutations

You are small and have problems with some larger weapons.
You are somewhat resistant to further mutation.


Message History

The crimson imp blinks!
You hit the orc priest.
The orc priest is almost dead.
The orc wizard hits you but does no damage.
The orc priest misses you.
You closely miss the orc priest.
The orc priest is almost dead.
The orc wizard casts a spell at you. The magic dart hits you!
* * * LOW HITPOINT WARNING * * *
The orc priest misses you.
You hit the orc priest.
The orc priest is almost dead.
The orc priest stops glowing.
The orc closely misses you.
The orc wizard hits you but does no damage.
You barely miss the orc priest.
The orc priest is almost dead.
The orc priest invokes the aid of Beogh against you.
Beogh smites you!
You die...

#.# #.# #.#
######.#
#......########
....#####.......#
. #(#####.# #o#
#@# #oo.<...#
#(##.#..# #.. .(
#.. ..# #.#. .#
.... . .....


You could see an orc priest, an orc wizard and an orc.

Vanquished Creatures
  An ogre (D:5)
  2 centaurs
  A centaur zombie (D:5)
  A giant frog zombie (D:5)
  2 orc priests
  A hound (D:4)
  A centaur skeleton (D:4)
  A gnoll (D:1)
  5 adders
  An ooze (D:2)
  A worm (D:4)
  2 dart slugs (D:1)
  3 giant geckos
  11 orcs
  A ball python (D:3)
  7 bats
  3 giant cockroaches
  7 goblins
  6 hobgoblins
  5 jackals
  5 giant newts
  6 kobolds
  7 rats
80 creatures vanquished.

Vanquished Creatures (collateral kills)
  An orc (D:3)
1 creature vanquished.

Grand Total: 81 creatures vanquished

Notes
Turn   | Place    | Note
-------+----------+-------------------------------------------
     0 | D:1      | DarthRa the Halfling Enchanter began the quest for the Orb.
     0 | D:1      | Reached XP level 1. HP: 11/11 MP: 3/3
   378 | D:1      | Reached XP level 2. HP: 11/17 MP: 2/4
   382 | D:1      | Learned a level 2 spell: Ensorcelled Hibernation
   674 | D:1      | Reached XP level 3. HP: 21/21 MP: 3/5
  1197 | D:2      | Reached XP level 4. HP: 19/27 MP: 4/6
  1653 | D:2      | Learned a level 3 spell: Tukima's Dance
  2230 | D:3      | Reached skill level 5 in Short Blades
  2381 | D:3      | Noticed Shredu92's ghost (amateur HaAs)
  2667 | D:2      | Reached XP level 5. HP: 30/31 MP: 7/7
  2704 | D:3      | HP: 1/31 [orc priest (2)]
  2869 | D:3      | Found a shadowy altar of Dithmenos.
  2885 | D:3      | Became a worshipper of Dithmenos the Shadowed
  3672 | D:4      | Reached skill level 1 in Throwing
  3860 | D:4      | Noticed simpaon's ghost (amateur OpAs)
  4461 | D:4      | Found a snail-covered altar of Cheibriados.
  4536 | D:4      | Reached XP level 6. HP: 30/36 MP: 4/8
  4607 | D:4      | Found a stormy altar of Qazlal.
  4774 | D:4      | Found a glowing silver altar of Zin.
  4897 | D:5      | Entered Level 5 of the Dungeon
  4897 | D:5      | Found a staircase to the Ecumenical Temple.
  4903 | Temple   | Entered the Ecumenical Temple
  5340 | D:5      | Reached skill level 5 in Throwing
  5340 | D:5      | Reached XP level 7. HP: 12/41 MP: 5/9
  5572 | D:5      | Noticed Dowan
  6241 | D:5      | Noticed Duvessa
  6337 | D:6      | HP: 1/41 [centaur (9)]
  6342 | D:6      | Reached skill level 5 in Stealth
  6357 | D:6      | Upgraded the game from 0.19-a0-1047-g4b671ad to 0.19-a0-1064-geb5102e
  6689 | D:6      | Killed from afar by an orc priest

Vault maps used:
D:1:      scummos_arrival_simple_fountains
D:2:      minmay_misc_feat_more_columns, minmay_cupped
D:3:      nicolae_overflow_crystal_walls
D:4:      zin_treasury, marbit_many_paths, nicolae_overflow_hidden_temple,
          first_bread
D:5:      uniq_duvessa
D:6:      uniq_blork_the_orc
Temple:   eino_wide_crystal_templ

Skill      XL: |  1  2  3  4  5  6  7 |
---------------+----------------------+-----
Short Blades   | 2 3 4 5 |  5.3
Hexes          | 3 |  3.4
Throwing       | 3 5 |  5.0
Stealth        | 5 |  5.4
Dodging        | |  2.1
Spellcasting   | |  1.5

Action                   |  1- 3 |  4- 6 |  7- 9 || total
-------------------------+-------+-------+-------++-------
Melee: Dagger            |    98 |   343 |    82 ||   523
Throw: Stone             |    17 |    57 |    12 ||    86
       Tomahawk          |       |     5 |       ||     5
 Cast: Corona            |    23 |    47 |    12 ||    82
       Tukima's Dance    |       |     2 |       ||     2
       Ensorcelled Hiber |       |     1 |       ||     1
  Use: Potion            |       |     6 |     2 ||     8
       Scroll            |       |     6 |       ||     6
 Stab: Sleeping          |       |       |     1 ||     1
  Eat: Chunk             |     1 |    14 |     1 ||    16
       Beef jerky        |       |     1 |       ||     1
       Fruit             |       |       |     3 ||     3
Armor: Robe              |    15 |    71 |    17 ||   103
Dodge: Dodged            |    83 |   252 |    49 ||   384
